 Dungeon Crawl Stone Soup version 0.21.0-37-g46506fa (webtiles) character file.

89262 hexophile the Brawler (level 15, -12/156 HPs)
             Began as a Troll Monk on Jan 30, 2018.
             Was a High Priest of Cheibriados.
             Killed from afar by a deep elf knight (23 damage)
             ... with a stone arrow
             ... on level 1 of the Elven Halls.
             The game lasted 00:41:29 (18990 turns).

hexophile the Brawler (Troll Monk)                 Turns: 18990, Time: 00:41:30

Health: -12/156    AC: 17    Str: 47      XL:     15   Next: 48%
Magic:  2/20       EV: 22    Int: 19 (20) God:    Cheibriados [*****.]
Gold:   1642       SH:  0    Dex: 31      Spells: 7/14 levels left

rFire    . . .     SeeInvis .     - Unarmed
rCold    . . .     Gourm    +   (no shield)
rNeg     . . .     Faith    .   I - +1 acid dragon scales
rPois    .         Spirit   .   a - +2 hat {MR+} {MR+}
rElec    .         Reflect  .   (no cloak)
rCorr    +         Harm     .   (gloves unavailable)
MR       +++..                  (boots unavailable)
Stlth    +++.......             U - amulet of regeneration {+Regen}
HPRegen  2.16/turn              H - ring of protection from magic {MR+}
MPRegen  0.17/turn              x - +4 ring of protection

@: mighty, agile, regenerating, very slow
A: large, unfitting armour, claws 3, horns 1, blurry vision 1, deterioration 1,
fast metabolism 3, gourmand, regeneration 1, shaggy fur 1, tough skin 2
a: Bend Time, Temporal Distortion, Slouch, Step From Time, Renounce Religion


You were on level 1 of the Elven Halls.
You worshipped Cheibriados.
Cheibriados was extremely pleased with you.
You were not hungry.

You visited 4 branches of the dungeon, and saw 21 of its levels.
You also visited: Volcano.

You collected 1978 gold pieces.
You spent 336 gold pieces at shops.


Innate Abilities, Weirdness & Mutations

You are too large for most types of armour.
You have claws for hands.
Your metabolism is lightning-fast.
You like to eat raw meat.
Your natural rate of healing is unusually fast.
You are covered in fur. (AC +1)
You have very tough skin. (AC +2)
You have a pair of small horns on your head.
Scrolls take you a little longer to read.
Your body sometimes deteriorates upon taking damage.

Inventory:

Hand Weapons
 y - a +2 whip of electrocution
 E - a +5 giant spiked club
Missiles
 l - 3 needles of sleeping
 A - 4 curare-tipped needles
 C - 92 poisoned needles
 F - 4 throwing nets (quivered) {+f}
Armour
 a - a +2 hat of magic resistance (worn) {MR+}
 j - a +1 hat of intelligence {Int+3}
 I - +1 acid dragon scales (worn)
Jewellery
 r - an uncursed ring of positive energy {rN+}
 t - an uncursed ring of protection from cold {rC+}
 u - an uncursed ring of resist corrosion
 x - a +4 ring of protection (right claw)
 G - a +4 ring of evasion
 H - a ring of protection from magic (left claw) {MR+}
 Q - an uncursed ring of protection from fire {rF+}
 U - an amulet of regeneration (around neck) {+Regen}
Wands
 w - a wand of acid (5)
 N - a wand of clouds (3)
Scrolls
 h - 17 scrolls of identify
 i - a scroll of enchant weapon
 o - 2 scrolls of immolation
 v - 7 scrolls of remove curse
 M - 13 scrolls of teleportation
 R - a scroll of enchant armour
 S - a scroll of magic mapping
Potions
 c - 4 potions of haste
 d - 9 potions of curing
 e - 2 potions of agility {Stlth+ Dex+5 EV+5}
 k - 3 potions of invisibility
 m - 3 potions of brilliance {Archmagi Int+5 Wiz++}
 p - a potion of magic
 q - a potion of might {Str+5 DMG+1d10}
 s - a potion of cancellation
 z - 2 potions of berserk rage
 D - 3 potions of lignification
 O - a potion of resistance {rF+ rC+ rPois rElec rCorr}
Books
 B - a book of Necromancy

   Spells                             Type                      Level
   a - Pain                           Necromancy                   1
   b - Animate Skeleton               Necromancy                   1
   c - Vampiric Draining              Necromancy                   3
   d - Regeneration                   Charms/Necromancy            3
   e - Animate Dead                   Necromancy                   4
   f - Borgnjor's Vile Clutch         Necromancy/Earth             5
 J - Ts'ui Pên's Grimoire of Forking Paths
   (You found it on level 11 of the Dungeon)

   Spells                             Type                      Level
   a - Infusion                       Charms                       1
   b - Regeneration                   Charms/Necromancy            3
   c - Iskenderun's Battlesphere      Conjuration/Charms           5
 K - the Papyrus of Combed Thunderclap
   (You found it on level 11 of the Dungeon)

   Spells                             Type                      Level
   a - Conjure Ball Lightning         Conjuration/Air              6
   b - Tornado                        Air                          9
 L - the Compendium of Plaster Cramp
   (You found it on level 11 of the Dungeon)

   Spells                             Type                      Level
   a - Statue Form                    Transmutation/Earth          6
   b - Shatter                        Earth                        9
 P - a book of Flames

   Spells                             Type                      Level
   a - Flame Tongue                   Conjuration/Fire             1
   b - Throw Flame                    Conjuration/Fire             2
   c - Conjure Flame                  Conjuration/Fire             3
   d - Inner Flame                    Hexes/Fire                   3
   e - Sticky Flame                   Conjuration/Fire             4
   f - Fireball                       Conjuration/Fire             5
 T - a book of Burglary

   Spells                             Type                      Level
   a - Swiftness                      Charms/Air                   2
   b - Passwall                       Transmutation/Earth          2
   c - Passage of Golubria            Translocation                4
   d - Lee's Rapid Deconstruction     Earth                        5
   e - Darkness                       Hexes                        6
   f - Invisibility                   Hexes                        6
 V - a book of Callings

   Spells                             Type                      Level
   a - Summon Small Mammal            Summoning                    1
   b - Call Imp                       Summoning                    2
   c - Call Canine Familiar           Summoning                    3
   d - Summon Guardian Golem          Hexes/Summoning              3
   e - Summon Lightning Spire         Summoning/Air                4
   f - Summon Ice Beast               Ice/Summoning                4
 W - a book of Spatial Translocations

   Spells                             Type                      Level
   a - Blink                          Translocation                2
   b - Shroud of Golubria             Charms/Translocation         2
   c - Lesser Beckoning               Translocation                3
   d - Gell's Gravitas                Translocation                3
   e - Teleport Other                 Translocation                3
   f - Passage of Golubria            Translocation                4
Miscellaneous
 f - a fan of gales
Comestibles
 b - 42 rations


You had 7 spell levels left.
You knew the following spells:

 Your Spells              Type           Power        Failure   Level  Hunger
a - Regeneration          Chrm/Necr      ###.......   13%         3    ####...
b - Animate Dead          Necr           N/A          9%          4    #####..


   Skills:
 - Level 12.0 Fighting
 * Level 6.9 Armour
 * Level 7.4 Dodging
 - Level 1.0 Stealth
 - Level 16.5 Unarmed Combat
 - Level 8.0 Necromancy
 - Level 8.6 Invocations

Dungeon Overview and Level Annotations

Branches:
Dungeon (12/15)            Temple (0/1) D:6            Lair (6/6) D:11
  Swamp (0/4) Lair:3       Spider (0/4) Lair:3        Slime (0/5) Lair:6
    Orc (2/2) D:12            Elf (1/3) Orc:2

Altars:
Cheibriados
Qazlal
Ru
Sif Muna
Trog
Vehumet
Xom
Zin
The Shining One
Beogh
Jiyva

Shops:
D:5 :   D:7 [   Orc:2 }%}!

Annotations:
D:11 exclusion: ice statue
Lair:1 exclusion: 2 oklob plants

Vault maps used:
D:1:      elethiomel_arrival_maze
D:2:      lemuel_doored_altar, chequers_ecumenical_altar_simple_redux,
          first_ration
D:4:      fiery_altar_vehumet
D:5:      nicolae_tso_swordbearing_angel, serial_shops, shop
D:6:      kennysheep_little_box, gammafunk_temple_overflow_wave,
          minmay_temple_entry_statues_pillars, uniq_sigmund, uniq_edmund
D:7:      xom_teletrap_fun, lemuel_blue_sif_altar, serial_shops, shop,
          uniq_pikel
D:10:     grunt_pizzeria
D:11:     lair_entry_dummy, basic_altar, minivault_16,
          bh_hangedman_babel_library
D:12:     orc_0_dummy, uniq_josephine
Lair:1:   eino_small_chamber_without_monster, minivault_24, beast_lair_carwin_5,
          minmay_lair_oklob_chamber
Lair:2:   enter_volcano_4
Lair:3:   minmay_swamp_entry_reptiles, spider_nest_entry_rubble
Lair:4:   lab_entry_generic
Lair:5:   minivault_24, serial_bayou_crossing, serial_bayou_shore_b
Lair:6:   grunt_lair_end_beastmaster, slime_altar_1, cheibrodos_lair_lostbears,
          lemuel_fruit_fields
Orc:1:    uniq_harold, uniq_gastronok
Orc:2:    st_orc_town
Elf:1:    minivault_28, uniq_kirke
Volcano:  volcano_pools
You       could see a deep elf archer, a deep elf knight, a deep elf mage
          (fleeing) and an ice beast (fleeing).


Message History

* * * LOW HITPOINT WARNING * * *
!MASSIVE DAMAGE!
YOU LOST 38 HP!
You have now: 3/156 HP.
Unknown command.
Okay, then.
What are your orders? t - Shout!
Orders for allies: a - Attack new target. r - Retreat! s - Stop attacking. g - Guard the area. f - Follow me.
Anything else - Cancel.
Okay, then.
Unknown command.
Really read with blurry vision while enemies are nearby?
You begin reading the scroll.
You continue reading the scroll.
As you read the scroll of fear, it crumbles to dust.
You assume a fearsome visage.
The ice beast looks frightened!
The battlesphere is unaffected.
The deep elf knight resists with some effort.
The deep elf archer looks frightened!
The deep elf mage looks frightened!
The deep elf archer easily resists.
The deep elf mage looks frightened! x2
Unknown command.
Unknown command.
You feel better.
The deep elf archer blinks!
The deep elf archer shoots an arrow.
The arrow misses you.
The arrow hits the deep elf mage!!
The deep elf mage dies!
The deep elf knight hits you with a long sword.
* * * LOW HITPOINT WARNING * * *
The battlesphere dissipates.
The deep elf mage gestures wildly while chanting.
The deep elf mage blinks!
The deep elf mage casts a spell.
The deep elf mage blinks!
Restored 4 HP.
You have now: 8/156 HP.
Unknown command.
Unknown command.
Casting: Animate Dead
Confirm with . or Enter, or press ? or * to list all spells.
Your skin crawls.
* * * LOW MAGIC WARNING * * *
The deep elf knight gestures at you while chanting.
The orb of energy misses you.
The orb of energy explodes!
The mystic blast hits the deep elf archer.
The deep elf archer shoots an arrow.
The arrow misses you.
The deep elf mage casts a spell.
The deep elf mage blinks!
The deep elf knight gestures at you while chanting.
The stone arrow hits you!
You die...

Action                   |  1- 3 |  4- 6 |  7- 9 | 10-12 | 13-15 || total
-------------------------+-------+-------+-------+-------+-------++-------
Melee: Unarmed           |   122 |   126 |   210 |   530 |   577 ||  1565
       Punch             |     1 |     1 |     7 |    51 |    76 ||   136
       Headbutt          |       |       |       |    87 |   193 ||   280
       Whip              |       |       |       |       |    27 ||    27
Throw: Throwing net      |       |       |       |     3 |       ||     3
 Cast: Animate Dead      |       |       |       |     1 |    34 ||    35
       Regeneration      |       |       |       |       |     6 ||     6
Invok: Bend Time         |       |       |     2 |    15 |     8 ||    25
       Temporal Distorti |       |       |     2 |     1 |     4 ||     7
       Slouch            |       |       |       |     8 |    11 ||    19
Evoke: Wand              |       |       |       |     1 |     1 ||     2
  Use: Scroll            |       |     3 |       |     9 |    10 ||    22
       Potion            |       |       |       |    18 |     9 ||    27
 Stab: Sleeping          |     3 |     8 |     2 |     1 |     6 ||    20
       Distracted        |       |       |     3 |     1 |     5 ||     9
       Held in net/web   |       |       |       |     5 |       ||     5
       Invisible         |       |       |       |       |     3 ||     3
  Eat: Chunk             |    10 |    14 |    31 |    43 |    64 ||   162
       Ration            |       |     1 |       |       |       ||     1
Armor: Robe              |    36 |    27 |    51 |    68 |       ||   182
       Acid dragon scale |       |       |       |   104 |   301 ||   405
       Skin              |       |       |       |       |    13 ||    13
Dodge: Dodged            |    53 |    75 |   101 |   371 |   611 ||  1211

Notes
Turn   | Place    | Note
-------+----------+-------------------------------------------
     0 | D:1      | hexophile the Troll Monk began the quest for the Orb.
     0 | D:1      | Reached XP level 1. HP: 22/22 MP: 0/0
   128 | D:1      | Reached XP level 2. HP: 29/29 MP: 1/1
   323 | D:1      | Reached skill level 4 in Unarmed Combat
   428 | D:1      | Reached XP level 3. HP: 36/36 MP: 2/2
  1159 | D:2      | Found a faded altar of an unknown god.
  1411 | D:2      | Found a snail-covered altar of Cheibriados.
  1416 | D:2      | Became a worshipper of Cheibriados the Contemplative
  1416 | D:2      | Reached * piety under Cheibriados
  1416 | D:2      | Reached ** piety under Cheibriados
  1504 | D:2      | Reached XP level 4. HP: 44/44 MP: 3/3
  1568 | D:2      | Reached skill level 5 in Unarmed Combat
  2067 | D:3      | Reached skill level 1 in Invocations
  2112 | D:3      | Reached XP level 5. HP: 45/50 MP: 3/5
  2478 | D:3      | Reached *** piety under Cheibriados
  2838 | D:4      | Reached skill level 6 in Unarmed Combat
  2883 | D:4      | Reached skill level 2 in Invocations
  2910 | D:4      | Killed hexophile's ghost
  2995 | D:4      | Noticed an ogre
  3008 | D:4      | Killed an ogre
  3008 | D:4      | Reached XP level 6. HP: 43/59 MP: 6/6
  3018 | D:4      | Found a radiant altar of Vehumet.
  3294 | D:5      | Entered Level 5 of the Dungeon
  3298 | D:5      | Found Ireskyto's Book Shoppe.
  3435 | D:5      | Reached skill level 3 in Invocations
  3600 | D:5      | Reached skill level 7 in Unarmed Combat
  3600 | D:5      | Reached XP level 7. HP: 42/66 MP: 8/8
  3954 | D:5      | Reached skill level 4 in Invocations
  4027 | D:5      | Reached **** piety under Cheibriados
  4056 | D:5      | Found a glowing golden altar of the Shining One.
  4203 | D:6      | Reached skill level 8 in Unarmed Combat
  4231 | D:6      | Reached XP level 8. HP: 39/74 MP: 10/10
  4359 | D:6      | Noticed Sigmund
  4359 | D:6      | Reached skill level 5 in Invocations
  4374 | D:6      | Killed Sigmund
  4580 | D:6      | Found a sacrificial altar of Ru.
  4754 | D:6      | Noticed Edmund
  4768 | D:6      | Killed Edmund
  4768 | D:6      | Reached skill level 9 in Unarmed Combat
  4768 | D:6      | Reached skill level 6 in Invocations
  4853 | D:6      | Found a bloodstained altar of Trog.
  4853 | D:6      | Found a glowing silver altar of Zin.
  4868 | D:6      | Found a staircase to the Ecumenical Temple.
  5041 | D:6      | Noticed a two-headed ogre
  5052 | D:6      | Killed a two-headed ogre
  5052 | D:6      | Reached XP level 9. HP: 63/80 MP: 8/13
  5117 | D:6      | Reached skill level 7 in Invocations
  5158 | D:7      | Found Zuguungepo's Armour Emporium.
  5202 | D:7      | Reached skill level 10 in Unarmed Combat
  5338 | D:7      | Found a shimmering altar of Xom.
  5428 | D:7      | Reached ***** piety under Cheibriados
  5731 | D:7      | Noticed Pikel
  5736 | D:7      | Killed Pikel
  5736 | D:7      | Reached skill level 8 in Invocations
  5840 | D:7      | Found a deep blue altar of Sif Muna.
  6082 | D:8      | Reached skill level 11 in Unarmed Combat
  6132 | D:8      | Reached XP level 10. HP: 88/88 MP: 15/15
  6193 | D:8      | Noticed a two-headed ogre
  6197 | D:8      | Killed a two-headed ogre
  6197 | D:8      | Reached skill level 3 in Fighting
  6226 | D:8      | Got a creamy pearl robe
  6350 | D:8      | Reached skill level 4 in Fighting
  6943 | D:9      | Reached skill level 5 in Fighting
  6943 | D:9      | Reached skill level 12 in Unarmed Combat
  7320 | D:10     | Entered Level 10 of the Dungeon
  7331 | D:10     | Noticed a gargoyle
  7344 | D:10     | Killed a gargoyle
  7351 | D:10     | Reached skill level 6 in Fighting
  7600 | D:10     | Killed an unseen horror
  7600 | D:10     | Reached XP level 11. HP: 20/105 MP: 13/16
  7815 | D:10     | Noticed eragonby's ghost (journeyman GrFi)
  7826 | D:10     | Killed eragonby's ghost
  7975 | D:10     | Killed an unseen horror
  8112 | D:10     | Reached skill level 13 in Unarmed Combat
  8328 | D:11     | Reached skill level 7 in Fighting
  8343 | D:10     | Identified the +1 robe of the Clam {Int+7 Dex+2} (You found it on level 8 of the Dungeon)
  8877 | D:11     | Identified the Papyrus of Combed Thunderclap
  8889 | D:11     | Learned a level 3 spell: Regeneration
  8894 | D:11     | Learned a level 4 spell: Animate Dead
  8895 | D:11     | Identified the Compendium of Plaster Cramp
  8930 | D:11     | Found a stormy altar of Qazlal.
  8935 | D:11     | Found a staircase to the Lair.
  8946 | D:11     | Noticed a deep elf mage
  8951 | D:11     | Killed a deep elf mage
  9076 | D:11     | Noticed a red ugly thing
  9087 | D:11     | Killed a red ugly thing
  9204 | D:11     | Identified Ts'ui Pên's Grimoire of Forking Paths
  9487 | D:12     | Noticed a cyan ugly thing
  9496 | D:12     | Noticed a purple ugly thing
  9503 | D:11     | Killed a cyan ugly thing
  9540 | D:11     | Killed an unseen horror
  9540 | D:11     | Reached skill level 8 in Fighting
  9556 | D:11     | Gained mutation: Scrolls take you a little longer to read. [potion of mutation]
  9556 | D:11     | Gained mutation: You have sharp toenails. [potion of mutation]
  9556 | D:11     | Gained mutation: You tend to lose your temper in combat. [potion of mutation]
  9556 | D:11     | Gained mutation: You heal very quickly. [potion of mutation]
  9559 | D:11     | Lost mutation: You have sharp toenails. [potion of mutation]
  9559 | D:11     | Lost mutation: You tend to lose your temper in combat. [potion of mutation]
  9559 | D:11     | Lost mutation: Scrolls take you a little longer to read. [potion of mutation]
  9559 | D:11     | Gained mutation: You are weak. (Str -2) [potion of mutation]
  9559 | D:11     | Gained mutation: Scrolls take you a little longer to read. [potion of mutation]
  9559 | D:11     | Gained mutation: Your spells are a little harder to cast, but a little more powerful. [potion of mutation]
  9560 | D:11     | Lost mutation: You are weak. (Str -2) [potion of mutation]
  9560 | D:11     | Lost mutation: Your spells are a little harder to cast, but a little more powerful. [potion of mutation]
  9560 | D:11     | Lost mutation: You heal very quickly. [potion of mutation]
  9560 | D:11     | Gained mutation: Your body sometimes deteriorates upon taking damage. [potion of mutation]
  9560 | D:11     | Gained mutation: You have a pair of small horns on your head. [potion of mutation]
  9609 | D:12     | Noticed a green ugly thing
  9615 | D:11     | Killed a purple ugly thing
  9633 | D:12     | Killed a green ugly thing
  9672 | D:12     | Noticed a deep elf mage
  9677 | D:12     | Killed a deep elf mage
  9677 | D:12     | Reached skill level 14 in Unarmed Combat
  9678 | D:12     | Noticed a wizard
  9687 | D:12     | Killed a wizard
  9700 | D:12     | Reached XP level 12. HP: 117/122 MP: 17/17
  9870 | D:12     | Found a staircase to the Orcish Mines.
  9883 | Orc:1    | Entered Level 1 of the Orcish Mines
  9932 | Orc:2    | Entered Level 2 of the Orcish Mines
 10053 | Orc:2    | Reached skill level 9 in Fighting
 10309 | Orc:2    | Reached ****** piety under Cheibriados
 10344 | Orc:2    | Found Maihom's Distillery.
 10344 | Orc:2    | Found Tutoym's Gadget Boutique.
 10364 | Orc:2    | Bought 2 potions of invisibility for 224 gold pieces
 10364 | Orc:2    | Bought a potion of might for 56 gold pieces
 10364 | Orc:2    | Bought a potion of might for 56 gold pieces
 10387 | Orc:2    | Paralysed by an orc sorcerer for 7 turns
 10605 | Orc:2    | Found Qem Yvuz's Food Emporium.
 10605 | Orc:2    | Found Cuer's Gadget Boutique.
 10646 | Orc:2    | Noticed an orc warlord
 10653 | Orc:2    | Reached skill level 15 in Unarmed Combat
 10667 | Orc:2    | Killed an orc warlord
 10667 | Orc:2    | Reached skill level 10 in Fighting
 10847 | Orc:2    | Noticed an ettin
 10858 | Orc:2    | Killed an ettin
 11096 | Orc:2    | Found a staircase to the Elven Halls.
 11149 | Orc:2    | Found a roughly hewn altar of Beogh.
 11322 | Orc:1    | Noticed Gastronok
 11332 | Orc:1    | Killed Gastronok
 11332 | Orc:1    | Reached XP level 13. HP: 103/135 MP: 14/18
 11524 | Orc:1    | Noticed Harold
 11543 | Orc:1    | Killed Harold
 11699 | D:12     | Noticed Josephine
 11708 | D:12     | Reached skill level 11 in Fighting
 11718 | D:12     | Killed Josephine
 12012 | D:12     | Reached skill level 16 in Unarmed Combat
 12284 | Lair:1   | Entered Level 1 of the Lair of Beasts
 13068 | Lair:2   | Found a dark tunnel.
 13074 | Volcano  | Entered a volcano
 13523 | Lair:2   | Reached skill level 1 in Necromancy
 14007 | Lair:3   | Reached skill level 12 in Fighting
 14055 | Lair:3   | Found a hole to the Spider Nest.
 14065 | Lair:3   | Reached skill level 2 in Necromancy
 14269 | Lair:3   | Reached skill level 3 in Necromancy
 14273 | Lair:3   | Found a staircase to the Swamp.
 14404 | Lair:3   | Reached skill level 4 in Necromancy
 14467 | Lair:3   | Reached XP level 14. HP: 143/149 MP: 19/19
 15005 | Lair:4   | Reached skill level 5 in Necromancy
 15634 | Lair:4   | Reached skill level 6 in Necromancy
 16316 | Lair:5   | Reached skill level 7 in Necromancy
 16838 | Lair:5   | Reached skill level 8 in Necromancy
 17019 | Lair:6   | Entered Level 6 of the Lair of Beasts
 17032 | Lair:6   | Found a staircase to the Slime Pits.
 17034 | Lair:6   | Reached skill level 1 in Armour
 17035 | Lair:6   | Found a viscous altar of Jiyva.
 17043 | Lair:6   | Reached skill level 3 in Dodging
 17059 | Lair:6   | Reached skill level 2 in Armour
 17176 | Lair:6   | Reached skill level 3 in Armour
 17176 | Lair:6   | Reached skill level 4 in Dodging
 17442 | Lair:6   | Reached skill level 4 in Armour
 17446 | Lair:6   | Reached skill level 5 in Dodging
 17658 | Lair:6   | Reached XP level 15. HP: 150/156 MP: 20/20
 18194 | Elf:1    | Entered Level 1 of the Elven Halls
 18240 | Elf:1    | Reached skill level 5 in Armour
 18315 | Elf:1    | Noticed Kirke
 18324 | Elf:1    | Killed Kirke
 18324 | Elf:1    | Reached skill level 6 in Dodging
 18357 | Elf:1    | Reached skill level 6 in Armour
 18589 | Elf:1    | Reached skill level 7 in Dodging
 18977 | Elf:1    | Noticed a Tzitzimitl
 18978 | Elf:1    | Noticed an Executioner
 18986 | Elf:1    | HP: 3/156 [ice beast[a deep elf mage] (13)]
 18990 | Elf:1    | Killed from afar by a deep elf knight

Table legend:
 A = Turns spent in this place as a percentage of turns spent in the entire game.
 B = Non-inter-level travel turns spent in this place as a percentage of non-inter-level travel turns spent in the entire game.
 C = Inter-level travel turns spent in this place as a percentage of turns spent in this place.
 D = Turns resting spent in this place as a percentage of non-inter-level travel turns spent in this place.
 E = Turns spent auto-exploring this place as a percentage of non-inter-level travel turns spent in this place.
 F = Non-inter-level travel turns spent in this place divided by the number of levels of this place that you've seen.
                   A       B       C       D       E      F
               +-------+-------+-------+-------+-------+----------------------
         Total | 100.0 | 100.0 |   4.2 |  13.0 |  59.8 | 827.0
       Dungeon |  55.5 |  56.1 |   3.2 |  15.5 |  62.6 | 850.2
          Lair |  29.6 |  29.2 |   5.4 |   5.3 |  62.7 | 885.5
  Orcish Mines |   9.9 |   9.4 |   8.2 |  17.2 |  46.6 | 859.0
   Elven Halls |   4.2 |   4.4 |   0.1 |  26.8 |  38.9 | 795.0
       Volcano |   0.9 |   0.9 |   0.0 |   0.0 |  32.7 | 165.0
               +-------+-------+-------+-------+-------+----------------------

Table legend:
 A = Kills in this place as a percentage of kills in entire the game.
 B = Kills by you in this place as a percentage of kills by you in the entire game.
 C = Kills by friends in this place as a percentage of kills by friends in the entire game.
 D = Other kills in this place as a percentage of other kills in the entire game.
 E = Experience gained in this place as a percentage of experience gained in the entire game.
 F = Experience gained in this place divided by the number of levels of this place that you have seen.
                   A       B       C       D       E      F
               +-------+-------+-------+-------+-------+----------------------
         Total | 100.0 | 100.0 | 100.0 | 100.0 | 100.0 | 5796.3
       Dungeon |  49.7 |  51.1 |   0.0 |  66.7 |  25.0 | 2653.1
          Lair |  28.0 |  26.1 |  95.2 |   0.0 |  41.4 | 8803.3
  Orcish Mines |  16.1 |  16.7 |   0.0 |   0.0 |  13.0 | 8305.0
   Elven Halls |   5.2 |   5.1 |   4.8 |  33.3 |  19.0 | 24233.0
       Volcano |   1.0 |   1.0 |   0.0 |   0.0 |   1.6 | 2018.0
               +-------+-------+-------+-------+-------+----------------------

Vanquished Creatures
  Gastronok (Orc:1)
  Kirke (Elf:1)
  An orc warlord (Orc:2)
  A deep elf demonologist (Elf:1)
  An ettin (Orc:2)
  Josephine (D:12)
  Harold (Orc:1)
  6 hydras
  2 catoblepae
  A deep troll shaman (Lair:6)
  6 dancing weapons (Elf:1)
  6 death yaks (Lair:6)
  2 two-headed ogres
  The ghost of eragonby the Basher, a journeyman GrFi of the Shining One (D:10)
  6 deep elf knights (Elf:1)
  3 unseen horrors
  A hell knight (Volcano)
  7 deep elf archers (Elf:1)
  An orc knight (Orc:2)
  A wizard (D:12)
  Pikel (D:7)
  12 deep elf magi
  7 orc sorcerers (Orc:2)
  4 ugly things
  13 elephants
  7 black mambas
  6 spiny frogs
  A centaur skeleton (D:12)
  A gargoyle (D:10)
  A torpor snail (Lair:6)
  A smoke demon (Volcano)
  A rime drake (Lair:5)
  9 komodo dragons
  A red devil (Volcano)
  4 trolls
  6 polar bears
  19 blink frogs
  A hornet (D:11)
  8 hippogriffs
  9 slime creatures
  Sigmund (D:6)
  A redback (Lair:3)
  A spriggan (D:10)
  A vampire (D:12)
  A wyvern (D:12)
  2 fire elementals (Elf:1)
  3 wraiths (D:12)
  3 hogs (Elf:1)
  49 yaks
  3 hungry ghosts
  3 basilisks
  Edmund (D:6)
  5 wargs (Orc:2)
  An acid dragon (D:11)
  14 water moccasins
  4 hell hounds (Volcano)
  A soldier ant (D:12)
  8 porcupines
  18 orc warriors
  A sky beast (D:11)
  4 ice beasts
  2 black bears
  A slave (D:7)
  3 phantoms
  17 wolves
  12 ogres
  4 centaurs
  7 big kobolds
  13 crocodiles
  An earth elemental (Elf:1)
  12 bullfrogs
  A gnoll sergeant (D:11)
  6 scorpions
  5 killer bees (D:12)
  9 howler monkeys
  3 centaur zombies
  2 crimson imps (D:8)
  15 orc priests
  3 hounds
  3 jellies
  2 bullfrog zombies (D:7)
  A gnoll shaman (D:6)
  44 orc wizards
  3 bullfrog skeletons
  8 iguanas
  4 worker ants
  A killer bee zombie (D:9)
  2 worker ant zombies
  10 gnolls
  13 adders
  2 shadow imps
  3 adder skeletons
  6 worms
  2 dart slugs
  10 leopard geckos
  80 orcs
  2 ball pythons
  7 bats
  4 giant cockroaches
  9 goblins
  9 hobgoblins
  18 jackals
  4 quokkas
  5 frilled lizards
  A jackal zombie (D:6)
  38 kobolds
  A leopard gecko skeleton (D:4)
  8 rats
  A fungus (Lair:5)
  A plant (Lair:5)
705 creatures vanquished.

Vanquished Creatures (collateral kills)
  A deep elf mage (Elf:1)
  4 elephants
  2 black mambas (Lair:6)
  2 polar bears (Lair:6)
  3 blink frogs (Lair:5)
  A yak (Lair:5)
  A wyvern (Lair:6)
  A water moccasin (Lair:6)
  5 wolves
  A crocodile (Lair:6)
  A butterfly (Lair:6)
  8 fungi
  5 plants
35 creatures vanquished.

Vanquished Creatures (others)
  2 deep elf magi (Elf:1)
  The ghost of hexophile the Ruffian, an amateur TrMo (D:4)
  A human (Elf:1)
  A slave (D:7)
  A howler monkey (D:10)
  An orc priest (D:10)
  A gnoll (D:7)
  An orc (Orc:2)
  5 jackals
  A ball python skeleton (D:4)
  A bush (Lair:6)
  3 fungi
  8 plants
27 creatures vanquished.

Grand Total: 767 creatures vanquished
